 Dungeon Crawl Stone Soup version 0.17-a0-1-g1f4be75 (webtiles) character file.

147 McCoppin the Poker (level 5, 0/41 HPs)
             Began as a Formicid Fighter on Mar 7, 2015.
             Slain by Crazy Yiuf
             ... wielding a +2 quarterstaff of chaos
              (4 damage)
             ... on level 3 of the Dungeon.
             The game lasted 00:10:00 (1810 turns).

McCoppin the Poker (Formicid Fighter)               Turns: 1810, Time: 00:10:00

Health: 0/41       AC: 11    Str: 26    XL:     5   Next: 55%
Magic:  7/7        EV:  6    Int:  6    God:
Gold:   150        SH:  0    Dex: 10    Spells: 0 memorised, 4 levels left

rFire  + . .     SeeInvis +     a - +0 trident
rCold  . . .     Clarity  .     j - +0 chain mail
rNeg   . . .     SustAb   .     c - +0 shield
rPois  .         Gourm    .     (helmet unavailable)
rElec  .         Spirit   .     k - +1 cloak
rCorr  .         Warding  .     (no gloves)
rMut   .         Stasis   +     (no boots)
MR     .....                    (no amulet)
Stlth  ..........               o - ring of wizardry
                                f - ring of invisibility

@: confused, mighty, lethally poisoned (0 -> -3), not resistant to hostile
enchantments, extremely unstealthy
A: permanent stasis, dig shafts and tunnels, four strong arms, antennae 3, thin
skeletal structure 1, clumsy 1, dopey 1, fire resistance 1, evolution 1
a: Dig, Shaft Self, Evoke Invisibility


You were on level 3 of the Dungeon.
You were not hungry.

You visited 1 branch of the dungeon, and saw 3 of its levels.

You collected 150 gold pieces.

Inventory:

Hand weapons
 a - a +0 trident (weapon)
 r - a +0 blowgun
Missiles
 g - 6 curare-tipped needles
 s - 4 poisoned needles
Armour
 b - a +0 scale mail
 c - a +0 shield (worn)
 j - a +0 chain mail (worn)
 k - a +1 cloak (worn)
Jewellery
 f - a ring of invisibility (left hand)
 o - a ring of wizardry (right hand)
Magical devices
 q - a wand of slowing (17)
Scrolls
 p - a scroll of blinking {unknown}
Potions
 i - a potion of cancellation
 n - a potion of brilliance {unknown}
Comestibles
 d - 3 bread rations


   Skills:
 - Level 3.2 Fighting
 + Level 5.3 Polearms
 - Level 3.2 Armour
 - Level 3.6 Shields


You had 4 spell levels left.
You didn't know any spells.

Dungeon Overview and Level Annotations

Branches:
Dungeon (3/15)

Altars:
Cheibriados

Annotations:
D:3 Crazy Yiuf


Innate Abilities, Weirdness & Mutations

You are under a permanent stasis effect.
You can dig through walls and to a lower floor.
Your four strong arms can wield two-handed weapons with a shield.
You have a pair of large antennae on your head (SInv).
You have a somewhat thin skeletal structure (Dex +2, Stealth).
You are clumsy. (Dex -2)
You are dopey. (Int -2)
Your flesh is heat resistant.
You evolve.


Message History

Crazy Yiuf hits you with a quarterstaff of chaos.
* * * LOW HITPOINT WARNING * * *
Crazy Yiuf freezes you.
* * * LOW HITPOINT WARNING * * *
Drink which item? (? for menu, Esc to quit)
It was a potion of haste.
Your stasis keeps you stable.
You feel sick.
Your shield and chain mail prevent you from hitting Crazy Yiuf.
Crazy Yiuf is moderately wounded.
You feel sick.
Crazy Yiuf hits you with a quarterstaff of chaos.
* * * LOW HITPOINT WARNING * * *
You bump into the rock wall.
Crazy Yiuf zaps a wand.
You are more confused.
You bump into the rock wall.
Crazy Yiuf hits you but does no damage.
Drink which item? (? for menu, Esc to quit)
You feel extremely strange.
Your bones become slightly less dense.
You feel stupid.
You feel sick.
Crazy Yiuf hits you with a quarterstaff of chaos.
You die...

#.# #.. #.# ##. ##'##
## ##...## # #..<..## #
### ####......###
#)..### ##P.........##
#....g####...).......+.
#...##@.#.PP.........##
### ###.#.P))......##
#######.....## ##...##
##+##


You could see Crazy Yiuf.

Vanquished Creatures
  Jessica (D:2)
  Robin (D:2)
  4 adders
  A gnoll (D:2)
  3 worms
  2 oozes
  2 orcs (D:2)
  13 goblins
  8 hobgoblins
  6 bats
  A giant gecko (D:2)
  3 giant newts
  5 kobolds
  6 rats
  A bush (D:3)
57 creatures vanquished.

Notes
Turn   | Place    | Note
--------------------------------------------------------------
     0 | D:1      | McCoppin, the Formicid Fighter, began the quest for the Orb.
     0 | D:1      | Reached XP level 1. HP: 18/18 MP: 1/1
   172 | D:1      | Reached XP level 2. HP: 24/24 MP: 3/3
   286 | D:1      | You fall through a shaft!
   358 | D:2      | Reached XP level 3. HP: 29/29 MP: 4/4
   449 | D:2      | Noticed Robin
   449 | D:2      | Reached skill level 4 in Polearms
   449 | D:2      | Reached XP level 4. HP: 28/35 MP: 5/5
   455 | D:2      | Noticed Jessica
   468 | D:2      | Killed Robin
   490 | D:2      | Killed Jessica
   811 | D:2      | Reached XP level 5. HP: 32/41 MP: 7/7
  1132 | D:2      | Found a snail-covered altar of Cheibriados.
  1139 | D:2      | Reached skill level 5 in Polearms
  1773 | D:3      | Noticed Crazy Yiuf
  1790 | D:3      | Gained mutation: Your flesh is heat resistant. [potion of mutation]
  1790 | D:3      | Gained mutation: You are clumsy. (Dex -2) [potion of mutation]
  1790 | D:3      | Gained mutation: You evolve. [potion of mutation]
  1810 | D:3      | Gained mutation: You have a somewhat thin skeletal structure (Dex +2, Stealth). [potion of mutation]
  1810 | D:3      | Gained mutation: You are dopey. (Int -2) [potion of mutation]
  1810 | D:3      | Slain by Crazy Yiuf

Action                   |  1- 3 |  4- 6 || total
-------------------------+-------+-------++-------
Melee: Trident           |    92 |   217 ||   309
 Abil: Dig               |       |     1 ||     1
  Use: Potion            |       |     7 ||     7
       Scroll            |       |     2 ||     2
  Eat: Meat ration       |       |     1 ||     1
